 Dungeon Sprint DCSS version 0.22-a0-136-g83a10e5 (webtiles) character file.

57 esc the Firebug (level 4, -9/33 HPs)
             Began as a Gnoll Fire Elementalist on Feb 2, 2018.
             Splashed by an oklob sapling priest's acid (10 damage)
             ... in the Dungeon (Sprint IV: "Fedhas' Mad Dash").
             The game lasted 00:02:05 (180 turns).

esc the Firebug (Gnoll Fire Elementalist)            Turns: 180, Time: 00:02:05

Health: -9/33      AC: -1    Str: 12    XL:     4   Next: 0%
Magic:  2/11       EV: 15    Int: 17    God:
Gold:   35         SH:  0    Dex: 15    Spells: 13/14 levels left

rFire    . . .     SeeInvis .     - Unarmed
rCold    . . .     Gourm    .   (no shield)
rNeg     . . .     Faith    .   a - +0 robe
rPois    .         Spirit   .   (no helmet)
rElec    .         Reflect  .   (no cloak)
rCorr    .         Harm     .   (no gloves)
MR       .....     NoTele   +   (no boots)
Stlth    +++.......             l - amulet of invisibility {+Inv}
HPRegen  0.11/turn              (no ring)
MPRegen  0.12/turn              (no ring)

@: corroded, very slightly contaminated
A: distributed training, fangs 1, strong nose
a: Evoke Invisibility


You were in the Dungeon.
You were not hungry.

You visited 1 branch You collected 35 gold pieces.

Inventory:

Armour
 a - a +0 robe (worn)
Jewellery
 l - the amulet of invisibility (around neck) {+Inv}
   (You found it in the Dungeon)

   [amulet of nothing]

   It lets you turn invisible.
Scrolls
 i - a scroll of blinking {!r}
 k - a scroll of identify {unknown}
 m - a scroll of remove curse {unknown}
Potions
 d - a potion of curing
 e - a potion of heal wounds
 f - a potion of haste
 g - 2 potions of magic
 h - a potion of berserk rage {!q}
Books
 b - a book of Flames
Comestibles
 c - a ration
 j - 2 chunks of flesh {@w0}


   Skills:
 + Level 2.3 Fighting
 + Level 2.3 Short Blades
 + Level 2.3 Long Blades
 + Level 2.3 Axes
 + Level 2.3 Maces & Flails
 + Level 2.3 Polearms
 + Level 2.3 Staves
 + Level 2.3 Slings
 + Level 2.3 Bows
 + Level 2.3 Crossbows
 + Level 2.3 Throwing
 + Level 2.3 Armour
 + Level 5.1 Dodging
 + Level 4.8 Stealth
 + Level 2.3 Shields
 + Level 2.3 Unarmed Combat
 + Level 5.5 Spellcasting
 + Level 2.8 Conjurations
 + Level 1.8 Hexes
 + Level 1.8 Charms
 + Level 1.8 Summonings
 + Level 1.8 Necromancy
 + Level 1.8 Translocations
 + Level 1.8 Transmutations
 + Level 5.8 Fire Magic
 + Level 1.8 Ice Magic
 + Level 1.8 Air Magic
 + Level 1.8 Earth Magic
 + Level 1.8 Poison Magic
 + Level 2.5 Invocations
 + Level 2.3 Evocations


You had 13 spell levels left.
You knew the following spells:

 Your Spells              Type           Power        Failure   Level  Hunger
a - Flame Tongue          Conj/Fire      ###..        2%          1    None


Dungeon Overview and Level Annotations

Branches:
Dungeon (1/1)

Altars:
Cheibriados
Dithmenos
Elyvilon
Gozag
Hepliaklqana
Kikubaaqudgha
Makhleb
Nemelex Xobeh
Okawaru
Qazlal
Ru
Sif Muna
Trog
Uskayaw
Vehumet
Wu Jian
Xom
Yredelemnul
Zin
The Shining One
Beogh
Jiyva
Lugonu

Annotations:
D exclusion: oklob sapling


Innate Abilities, Weirdness & Mutations

Your experience applies equally to all skills.
You have very sharp teeth.
Your uncanny sense of smell can sniff out nearby items.


Message History

The flame tongue hits the worker ant.
You kill the worker ant!
Your Fighting skill increases to level 2!
Your Short Blades skill increases to level 2!
Your Long Blades skill increases to level 2!
Your Axes skill increases to level 2!
Your Maces & Flails skill increases to level 2!
Your Polearms skill increases to level 2!
Your Staves skill increases to level 2!
Your Slings skill increases to level 2!
Your Bows skill increases to level 2!
Your Crossbows skill increases to level 2!
Your Throwing skill increases to level 2!
Your Armour skill increases to level 2!
Your Shields skill increases to level 2!
Your Unarmed Combat skill increases to level 2!
Your Evocations skill increases to level 2!
You have reached level 4!
You feel stronger.
You regained 4 hp, and now have 25/33 hp.
You now have 7/11 mp.
You now have 6 gold pieces.
You see here a worker ant corpse.
You butcher the worker ant corpse.
j - 2 chunks of flesh {@w0}
k - a scroll labeled KAIVUCLOYJE
l - the amulet of invisibility {+Inv} Put on which piece of jewellery? (? for menu, Esc to quit)
l - the amulet of invisibility (around neck) {+Inv}
m - a scroll labeled EMOSTR YSKE You now have 18 gold pieces (gained 12).
You now have 31 gold pieces (gained 13).
You now have 35 gold pieces (gained 4).
You start resting.
Health restored: 33; MP restored: 11
Okay, then.
You open the door.
Found ten altars.
An oklob sapling priest comes into view.
Found three altars.
There is an open door here.
You close the door.
You fail to use your ability.
You fail to use your ability.
You fade into invisibility!
You are very lightly contaminated with residual magic.
You feel quite a bit more hungry.
You now have 9/11 mp.
You open the door.
Really walk into a travel-excluded area?
There is an open door here.
Found three altars.
Found two altars.
Found three altars.
There is an opulent altar of Gozag here.
Found a corrupted altar of Lugonu and a radiant altar of Vehumet.
Aim: an oklob sapling priest (hasn't noticed you)
The flame tongue hits the oklob sapling priest.
The oklob sapling priest appears unharmed.
Aim: an oklob sapling priest (hasn't noticed you)
The flame tongue hits the oklob sapling priest.
You now have 8/11 mp.
Aim: an oklob sapling priest (lightly damaged, hasn't noticed you)
The flame tongue hits the oklob sapling priest.
The oklob sapling priest appears unharmed.
You flicker for a moment.
You now have 7/11 mp.
Aim: an oklob sapling priest (lightly damaged, hasn't noticed you)
The flame tongue hits the oklob sapling priest.
You now have 6/11 mp.
Aim: an oklob sapling priest (lightly damaged, hasn't noticed you)
The flame tongue hits the oklob sapling priest.
You now have 5/11 mp.
Aim: an oklob sapling priest (moderately damaged, hasn't noticed you)
The flame tongue hits the oklob sapling priest.
The oklob sapling priest appears unharmed.
You now have 4/11 mp.
Aim: an oklob sapling priest (moderately damaged, hasn't noticed you)
The flame tongue hits the oklob sapling priest.
The oklob sapling priest appears unharmed.
You now have 3/11 mp.
Aim: an oklob sapling priest (moderately damaged, hasn't noticed you)
The flame tongue hits the oklob sapling priest.
The oklob sapling priest appears unharmed.
You flicker back into view.
You now have 2/11 mp.
Aim: an oklob sapling priest (moderately damaged, hasn't noticed you)
The flame tongue hits the oklob sapling priest.
The oklob sapling priest appears unharmed.
The oklob sapling priest spits acid at you.
The splash of acid hits you!
You are splashed with acid!
The acid burns!
You take 23 damage, and have 10/33 hp.
MASSIVE DAMAGE!!
The oklob sapling priest spits acid at you.
The splash of acid misses you.
There is an opulent altar of Gozag here.
The oklob sapling priest spits acid at you.
The splash of acid hits you!
* * * LOW HITPOINT WARNING * * *
The acid corrodes you!
You are splashed with acid!
The acid burns!
You die...

##########################
.P#.....#.....#.⌠._._._._.
..'.(...'.#...'.@_._._._._
PP#.....#.#...#..._._P_._.
############+##.._._._._._
#._._._._._. ∆
∆############ ∆ ∆ ∆∆∆∆ ∆


You could see an oklob sapling priest.

Vanquished Creatures
  An oklob sapling (D)
  A worker ant (D)
  A river rat (D)
  A rat (D)
4 creatures vanquished.

Notes
Turn   | Place    | Note
-------+----------+-------------------------------------------
     0 | D        | esc the Gnoll Fire Elementalist began the quest for the Orb.
     0 | D        | Reached XP level 1. HP: 13/13 MP: 6/6
     9 | D        | Reached skill level 2 in Conjurations
    14 | D        | Reached skill level 1 in Fighting
    14 | D        | Reached skill level 1 in Short Blades
    14 | D        | Reached skill level 1 in Long Blades
    14 | D        | Reached skill level 1 in Axes
    14 | D        | Reached skill level 1 in Maces & Flails
    14 | D        | Reached skill level 1 in Polearms
    14 | D        | Reached skill level 1 in Staves
    14 | D        | Reached skill level 1 in Slings
    14 | D        | Reached skill level 1 in Bows
    14 | D        | Reached skill level 1 in Crossbows
    14 | D        | Reached skill level 1 in Throwing
    14 | D        | Reached skill level 1 in Armour
    14 | D        | Reached skill level 1 in Shields
    14 | D        | Reached skill level 1 in Unarmed Combat
    14 | D        | Reached skill level 5 in Spellcasting
    14 | D        | Reached skill level 1 in Invocations
    14 | D        | Reached skill level 1 in Evocations
    14 | D        | Reached XP level 2. HP: 21/21 MP: 4/8
    49 | D        | Noticed an oklob sapling
    52 | D        | Killed an oklob sapling
    52 | D        | Reached skill level 5 in Dodging
    52 | D        | Reached skill level 1 in Hexes
    52 | D        | Reached skill level 1 in Charms
    52 | D        | Reached skill level 1 in Summonings
    52 | D        | Reached skill level 1 in Necromancy
    52 | D        | Reached skill level 1 in Translocations
    52 | D        | Reached skill level 1 in Transmutations
    52 | D        | Reached skill level 1 in Ice Magic
    52 | D        | Reached skill level 1 in Air Magic
    52 | D        | Reached skill level 1 in Earth Magic
    52 | D        | Reached skill level 1 in Poison Magic
    52 | D        | Reached skill level 2 in Invocations
    52 | D        | Reached XP level 3. HP: 27/27 MP: 5/9
    88 | D        | Found the amulet of invisibility {+Inv}
    90 | D        | Reached skill level 2 in Fighting
    90 | D        | Reached skill level 2 in Short Blades
    90 | D        | Reached skill level 2 in Long Blades
    90 | D        | Reached skill level 2 in Axes
    90 | D        | Reached skill level 2 in Maces & Flails
    90 | D        | Reached skill level 2 in Polearms
    90 | D        | Reached skill level 2 in Staves
    90 | D        | Reached skill level 2 in Slings
    90 | D        | Reached skill level 2 in Bows
    90 | D        | Reached skill level 2 in Crossbows
    90 | D        | Reached skill level 2 in Throwing
    90 | D        | Reached skill level 2 in Armour
    90 | D        | Reached skill level 2 in Shields
    90 | D        | Reached skill level 2 in Unarmed Combat
    90 | D        | Reached skill level 2 in Evocations
    90 | D        | Reached XP level 4. HP: 25/33 MP: 7/11
   157 | D        | Found an opulent altar of Gozag.
   157 | D        | Found a hazy altar of Hepliaklqana.
   157 | D        | Found a burning altar of Makhleb.
   157 | D        | Found a roughly hewn altar of Beogh.
   157 | D        | Found a sparkling altar of Nemelex Xobeh.
   157 | D        | Found a snail-covered altar of Cheibriados.
   157 | D        | Found a sacrificial altar of Ru.
   157 | D        | Found a deep blue altar of Sif Muna.
   157 | D        | Found a shimmering altar of Xom.
   157 | D        | Found a basalt altar of Yredelemnul.
   158 | D        | Found a viscous altar of Jiyva.
   158 | D        | Found a bloodstained altar of Trog.
   158 | D        | Found an ornate altar of the Wu Jian Council.
   158 | D        | Noticed an oklob sapling priest
   166 | D        | Found an iron altar of Okawaru.
   166 | D        | Found a shadowy altar of Dithmenos.
   166 | D        | Found a glowing silver altar of Zin.
   167 | D        | Found an ancient bone altar of Kikubaaqudgha.
   167 | D        | Found a hide-covered altar of Uskayaw.
   168 | D        | Found a stormy altar of Qazlal.
   168 | D        | Found a white marble altar of Elyvilon.
   168 | D        | Found a glowing golden altar of the Shining One.
   169 | D        | Found a corrupted altar of Lugonu.
   169 | D        | Found a radiant altar of Vehumet.
   180 | D        | HP: 1/33 [oklob sapling priest/splash of acid (9)]
   180 | D        | Splashed by an oklob sapling priest's acid

Vault maps used:
D:        dungeon_sprint_fedhas

Skill      XL: |  1  2  3 |
---------------+----------+-----
Conjurations   | 2 |  2.8
Fighting       | 1 2 |  2.3
Short Blades   | 1 2 |  2.3
Long Blades    | 1 2 |  2.3
Axes           | 1 2 |  2.3
Maces & Flails | 1 2 |  2.3
Polearms       | 1 2 |  2.3
Staves         | 1 2 |  2.3
Slings         | 1 2 |  2.3
Bows           | 1 2 |  2.3
Crossbows      | 1 2 |  2.3
Throwing       | 1 2 |  2.3
Armour         | 1 2 |  2.3
Shields        | 1 2 |  2.3
Unarmed Combat | 1 2 |  2.3
Spellcasting   | 5 |  5.5
Invocations    | 1 2 |  2.5
Evocations     | 1 2 |  2.3
Dodging        | 5 |  5.1
Hexes          | 1 |  1.8
Charms         | 1 |  1.8
Summonings     | 1 |  1.8
Necromancy     | 1 |  1.8
Translocations | 1 |  1.8
Transmutations | 1 |  1.8
Ice Magic      | 1 |  1.8
Air Magic      | 1 |  1.8
Earth Magic    | 1 |  1.8
Poison Magic   | 1 |  1.8
Stealth        | |  4.8
Fire Magic     | |  5.8

Action                   |  1- 3 |  4- 6 || total
-------------------------+-------+-------++-------
 Cast: Flame Tongue      |     7 |    10 ||    17
 Abil: Evoke Invisibilit |       |     1 ||     1
Dodge: Dodged            |       |     1 ||     1

Table legend:
 A = Spawn XP
 B = Non-spawn XP
 C = Spawn XP percentage of total XP
 D = Spawn monster count
 E = Non-spawn monster count
 F = Spawn count percentage of total count
 G = Total turns spent on level
                    A         B        C        D         E        F      G
               +---------+---------+-------+---------+---------+-------+---------
         Total |       0 |      82 |   0.0 |       0 |       4 |   0.0 |   180
               +---------+---------+-------+---------+---------+-------+---------
             D |       0 |      82 |   0.0 |       0 |       4 |   0.0 |   180
               +---------+---------+-------+---------+---------+-------+---------

Vault maps used:
D:        dungeon_sprint_fedhas

Table legend:
 A = Turns spent in this place as a percentage of turns spent in the entire game.
 B = Non-inter-level travel turns spent in this place as a percentage of non-inter-level travel turns spent in the entire game.
 C = Inter-level travel turns spent in this place as a percentage of turns spent in this place.
 D = Turns resting spent in this place as a percentage of non-inter-level travel turns spent in this place.
 E = Turns spent auto-exploring this place as a percentage of non-inter-level travel turns spent in this place.
 F = Non-inter-level travel turns spent in this place divided by the number of levels of this place that you've seen.
                   A       B       C       D       E      F
               +-------+-------+-------+-------+-------+----------------------
         Total | 100.0 | 100.0 |   0.0 |  58.9 |   0.0 | 180.0
       Dungeon | 100.0 | 100.0 |   0.0 |  58.9 |   0.0 | 180.0
               +-------+-------+-------+-------+-------+----------------------

Table legend:
 A = Kills in this place as a percentage of kills in entire the game.
 B = Kills by you in this place as a percentage of kills by you in the entire game.
 C = Kills by friends in this place as a percentage of kills by friends in the entire game.
 D = Other kills in this place as a percentage of other kills in the entire game.
 E = Experience gained in this place as a percentage of experience gained in the entire game.
 F = Experience gained in this place divided by the number of levels of this place that you have seen.
                   A       B       C       D       E      F
               +-------+-------+-------+-------+-------+----------------------
         Total | 100.0 | 100.0 |   N/A |   N/A | 100.0 |  82.0
       Dungeon | 100.0 | 100.0 |   N/A |   N/A | 100.0 |  82.0
               +-------+-------+-------+-------+-------+----------------------
